 Dungeon Crawl Stone Soup version 0.22.1-5-g62c59d919a (webtiles) character file.

1628 Fascinator the Cudgeler (level 8, -1/74 HPs)
             Began as a Naga Fighter on Jan 7, 2019.
             Was a Follower of the Shining One.
             Slain by an orc warrior
             ... wielding a +0 glaive
              (9 damage)
             ... on level 7 of the Dungeon on Jan 8, 2019.
             The game lasted 00:20:37 (7330 turns).

Fascinator the Cudgeler (Naga Fighter)              Turns: 7330, Time: 00:20:38

Health: -1/74      AC: 15    Str: 18    XL:     8   Next: 97%
Magic:  9/9        EV: 11    Int: 13    God:    the Shining One [*.....]
Gold:   276        SH:  9    Dex: 13    Spells: 7/7 levels left

rFire    . . .     SeeInvis +   t - +1 mace (crush)
rCold    . . .     Gourm    .   c - +0 shield
rNeg     . . .     Faith    .   F - +0 scale mail
rPois    +         Spirit   .   p - +0 helmet
rElec    .         Reflect  .   z - +0 cloak
rCorr    .         Harm     .   A - +0 pair of gloves
MR       +....                  o - +0 naga barding
Stlth    ..........             j - amulet of the acrobat
HPRegen  0.22/turn              n - +6 ring of evasion
MPRegen  0.11/turn              D - +4 ring of intelligence

@: glowing, very slow
A: large, see invisible, deformed body, poison resistance, slowness 2, slow
metabolism 1, spit poison 1, AC +2
a: Spit Poison, Renounce Religion


You were on level 7 of the Dungeon.
You worshipped the Shining One.
The Shining One was aware of your devotion.
You were not hungry.

You visited 2 branches of the dungeon, and saw 8 of its levels.

You collected 276 gold pieces.

Inventory:

Hand Weapons
 a - a +0 war axe
 t - a +1 mace of crushing (weapon)
 w - a cursed -3 hunting sling
Missiles
 q - 178 stones (quivered)
 y - 50 sling bullets
Armour
 c - a +0 shield (worn)
 o - a +0 naga barding (worn)
 p - a +0 helmet (worn)
 z - a +0 cloak (worn)
 A - a +0 pair of gloves (worn)
 E - a +0 plate armour
 F - a +0 scale mail (worn)
Jewellery
 d - an uncursed ring of poison resistance {unknown}
 j - an amulet of the acrobat (around neck)
 n - a +6 ring of evasion (left hand)
 D - a +4 ring of intelligence (right hand)
Wands
 B - a wand of polymorph (15)
 C - a wand of flame (22)
Scrolls
 b - 6 scrolls of identify {unknown}
 g - a scroll of immolation {unknown}
 h - 6 scrolls of remove curse {unknown}
 i - a scroll of fog {unknown}
 l - 5 scrolls of teleportation {unknown}
 r - a scroll of amnesia {unknown}
 s - a scroll of random uselessness {unknown}
 u - 2 scrolls of enchant armour {unknown}
 v - a scroll of blinking {unknown}
Potions
 e - 2 potions of magic {unknown}
 k - a potion of curing
 m - a potion of berserk rage {unknown}
 x - a potion of flight {unknown}
Comestibles
 f - 11 rations


   Skills:
 + Level 5.1 Fighting
 + Level 3.9(5.2) Axes
 + Level 5.3(6.0) Maces & Flails
 + Level 4.5 Armour
 + Level 2.8 Dodging
 + Level 1.7 Stealth
 + Level 4.4 Shields
 * Level 1.5 Invocations


You had 7 spell levels left.
You didn't know any spells.
Your spell library contained the following spells:

 Spells                   Type           Power        Failure   Level  Hunger
 Animate Skeleton         Necr           N/A          94%         1    ##.....
 Apportation              Tloc           #.....       94%         1    ##.....
 Confusing Touch          Hex            #.....       94%         1    ##.....
 Summon Small Mammal      Summ           #...         94%         1    ##.....


Dungeon Overview and Level Annotations

Branches:
Dungeon (7/15)             Temple (1/1) D:5

Altars:
Ashenzari
Cheibriados
Dithmenos
Elyvilon
Hepliaklqana
Kikubaaqudgha
Makhleb
Okawaru
Qazlal
Trog
Uskayaw
Xom
Yredelemnul
Zin
The Shining One


Innate Abilities, Weirdness & Mutations

You cannot wear boots.
Your serpentine skin is tough. (AC +2)
You have supernaturally acute eyesight. (SInv)
Armour fits poorly on your strangely shaped body.
Your system is resistant to poisons. (rPois)
You cover ground very slowly.
You have a slow metabolism.
You can spit poison.


Message History

The orc warrior is heavily wounded.
The orc warrior hits you with a glaive!
You hit the orc warrior but do no damage.
The orc warrior is heavily wounded.
The orc warrior hits you but does no damage.
You barely miss the orc warrior.
The orc warrior is heavily wounded.
The orc warrior hits you with a glaive.
You hit the orc warrior but do no damage.
The orc warrior is heavily wounded.
The orc warrior barely misses you.
You hit the orc warrior.
The orc warrior is severely wounded.
The orc warrior hits you with a glaive!!
* * * LOW HITPOINT WARNING * * *
The orc warrior hits you from afar with a glaive!
The Shining One protects you from harm!
There is a stone staircase leading up, spattered with blood here.
The orc warrior hits you from afar with a glaive!
You die...

#.# #.# #.# #
###.## .# #
#....# #.#..
#....# .....
#....## ?.....
#@.o..###......
#)..........<..
#..).##(.......
#....#..#......
#####..## ###.o
#..## #..## #.#
#(


You could see an orc warrior.

Vanquished Creatures
  Menkaure (D:6)
  A sky beast (D:5)
  An orc warrior (D:6)
  An ice beast (D:5)
  An ogre (D:4)
  A centaur (D:6)
  A bullfrog (D:6)
  A gnoll sergeant (D:6)
  A scorpion (D:4)
  A howler monkey (D:4)
  2 crimson imps (D:5)
  A bullfrog skeleton (D:5)
  2 hounds
  3 orc priests
  6 orc wizards
  5 worker ants
  A hound zombie (D:5)
  2 howler monkey zombies
  Robin (D:2)
  4 gnolls (D:6)
  7 adders
  A shadow imp (D:6)
  An ooze (D:1)
  An adder zombie (D:5)
  3 adder skeletons
  4 worms
  4 dart slugs
  5 leopard geckos
  22 orcs
  3 ball pythons
  9 bats
  4 giant cockroaches
  13 goblins
  13 hobgoblins
  7 jackals
  2 quokkas (D:2)
  3 frilled lizards
  12 kobolds
  A leopard gecko skeleton (D:5)
  A quokka zombie (D:5)
  4 rats
157 creatures vanquished.

Notes
Turn   | Place    | Note
-------+----------+-------------------------------------------
     0 | D:1      | Fascinator the Naga Fighter began the quest for the Orb.
     0 | D:1      | Reached XP level 1. HP: 21/21 MP: 1/1
   500 | D:1      | Reached XP level 2. HP: 24/28 MP: 2/2
   900 | D:1      | Reached XP level 3. HP: 32/34 MP: 3/3
  1490 | D:2      | Found a stormy altar of Qazlal.
  1490 | D:2      | Noticed an earth elemental
  1497 | D:2      | Noticed a water elemental
  1682 | D:2      | Noticed a fire elemental
  1685 | D:2      | Noticed an air elemental
  1746 | D:2      | Reached XP level 4. HP: 40/42 MP: 4/4
  2073 | D:2      | Noticed Robin
  2103 | D:2      | Killed Robin
  2743 | D:3      | Reached XP level 5. HP: 47/50 MP: 5/5
  2937 | D:3      | Reached skill level 1 in Dodging
  3459 | D:4      | Reached skill level 1 in Stealth
  3744 | D:4      | Reached XP level 6. HP: 50/57 MP: 6/6
  3958 | D:4      | Reached skill level 1 in Maces & Flails
  4316 | D:4      | Reached XP level 7. HP: 48/66 MP: 7/7
  4547 | D:5      | Entered Level 5 of the Dungeon
  5024 | D:5      | Found a staircase to the Ecumenical Temple.
  5033 | Temple   | Entered the Ecumenical Temple
  5103 | Temple   | Became a worshipper of the Shining One
  5552 | D:5      | Reached XP level 8. HP: 58/73 MP: 8/8
  5749 | D:6      | Noticed Menkaure
  5759 | D:6      | Killed Menkaure
  5786 | D:6      | Reached * piety under the Shining One
  6282 | D:6      | Reached skill level 5 in Fighting
  6318 | D:6      | Reached skill level 5 in Maces & Flails
  6809 | D:6      | Reached skill level 1 in Invocations
  7084 | D:6      | Found a shadowy altar of Dithmenos.
  7329 | D:7      | The Shining One protects you from harm!
  7330 | D:7      | Slain by an orc warrior

Skill      XL: |  1  2  3  4  5  6  7  8 |
---------------+-------------------------+-----
Axes           | 3 |  3.9
Dodging        | 1 2 |  2.8
Shields        | 3 4 |  4.4
Armour         | 3 4 |  4.5
Fighting       | 4 5 |  5.1
Stealth        | 1 |  1.7
Maces & Flails | 1 3 5 |  5.3
Invocations    | 1 |  1.5

Action                   |  1- 3 |  4- 6 |  7- 9 || total
-------------------------+-------+-------+-------++-------
Melee: War axe           |   107 |   167 |       ||   274
       Mace              |       |    78 |   273 ||   351
       Unarmed           |       |       |     2 ||     2
 Abil: Spit Poison       |       |     1 |     4 ||     5
  Use: Potion            |       |     2 |     3 ||     5
  Eat: Chunk             |     1 |     7 |     9 ||    17
Armor: Scale mail        |    25 |       |     9 ||    34
       Ring mail         |    21 |    91 |   126 ||   238
       Skin              |       |       |     2 ||     2
Dodge: Dodged            |    40 |    65 |    95 ||   200
Block: Shield            |    56 |   108 |   118 ||   282
